Kings vs Flames

Created - 20 novembre 2020 at 16:38

Goals
1 2 3 T
Kings 1 0 1 2
Flames 1 1 2 4
Shots
1 2 3 T
Kings 10 13 13 36
Flames 9 11 14 34

1st period

1. Kings , Artemi Panarin 3 (Shea Weber 3, Alex Ovechkin 6) at 3:07
2. Flames , Nick Bjugstad 2 (Danton Heinen 2, Nick Jensen 1) at 18:53

Penalties :
Drew Doughty (CAL) for Roughing (Double Minor) at 6:46

2nd period

3. Flames , Drew Doughty 1 (Ryan Donato 2, Carey Price) at 7:09 (PP)

Penalties :
Alexander Radulov (LAK) for Tripping (Minor) at 6:38, Alexander Radulov (LAK) for Hooking (Minor) at 19:54

3rd period

4. Flames , Alex Chiasson 3 (Pavel Zacha 4, Ryan Donato 3) at 15:12
5. Flames , Nick Bjugstad 3 (Drew Doughty 2, David Kampf 1) at 15:16
6. Kings , Alexander Radulov 2 (Alex Goligoski 4, Tomas Hertl 6) at 19:29

Penalties :
No Penalty

Goalie Stats

Semyon Varlamov (LAK), 30 saves from 34 shots - (0,882), L, 2-2-0, 60:00 minutes
Carey Price (CAL), 34 saves from 36 shots - (0,944), W, 2-2-0, 60:00 minutes

Players Stats for Kings

Player Name              G  A  P  +/- PIM S  H  SB GA TA FO     MP     PP MP  PK MP  
------------------------------------------------------------------------------------
Alex Goligoski           0  1  1   1  0   4  0  0  0  0  0/0    25:19   2:16   0:46 
Alex Ovechkin            0  1  1   0  0   4  3  1  1  1  2/4    20:42   1:57   0:26 
Alexander Radulov        1  0  1   0  4   2  4  0  0  1  1/1    20:13   1:52   0:00 
Artem Anisimov           0  0  0   1  0   2  0  2  0  0  1/2    16:46   1:22   0:00 
Artemi Panarin           1  0  1   1  0   4  0  0  0  1  0/2    16:42   1:18   0:00 
Artturi Lehkonen         0  0  0  -2  0   1  0  0  1  0  0/1    12:45   0:53   0:18 
Carter Rowney            0  0  0  -2  0   0  1  0  0  0  0/0    13:39   0:23   1:46 
Danny DeKeyser           0  0  0  -1  0   0  0  1  0  1  0/0    19:47   0:07   1:44 
Jamie Benn               0  0  0   1  0   1  4  0  1  1  9/15   16:42   1:18   0:00 
Jayson Megna             0  0  0   0  0   2  0  1  0  0  0/1     8:36   0:00   0:18 
Jonas Brodin             0  0  0  -1  0   0  0  3  0  1  0/0    21:05   1:36   1:44 
Luke Schenn              0  0  0  -1  0   0  2  3  0  1  0/0    13:36   0:07   0:00 
Michael Del Zotto        0  0  0  -1  0   1  0  0  0  2  0/0    14:54   1:36   0:00 
Nikolay Goldobin         0  0  0   0  0   2  1  0  0  0  0/0     8:28   0:11   0:00 
Sean Kuraly              0  0  0  -2  0   4  2  0  1  0  3/11   14:01   0:48   1:46 
Shea Weber               0  1  1   1  0   6  0  1  0  1  0/0    25:19   2:16   0:46 
Tage Thompson            0  0  0   0  0   1  2  1  0  0  0/0     8:14   0:00   0:00 
Tomas Hertl              0  1  1   0  0   2  5  1  1  0  11/29  20:40   1:55   0:26 

Players Stats for Flames

Player Name              G  A  P  +/- PIM S  H  SB GA TA FO     MP     PP MP  PK MP  
------------------------------------------------------------------------------------
Alex Chiasson            1  0  1   1  0   6  1  0  0  1  1/1    14:58   0:54   0:00 
Anders Lee               0  0  0  -1  0   4  2  0  0  0  1/1    20:28   1:36   0:08 
Danton Heinen            0  1  1   2  0   3  0  0  3  0  0/0    11:43   0:00   0:00 
David Kampf              0  1  1   2  0   0  1  0  0  0  7/10   12:53   0:00   1:10 
David Krejci             0  0  0  -1  0   0  0  0  2  0  20/32  20:14   1:36   0:00 
Deryk Engelland          0  0  0  -1  0   0  2  1  1  1  0/0    20:22   0:00   2:17 
Drew Doughty             1  1  2   3  4   2  0  1  0  1  0/0    23:52   2:05   0:00 
Kevan Miller             0  0  0  -1  0   2  1  2  0  2  0/0    15:53   0:00   2:17 
Marcus Sorensen          0  0  0  -1  0   0  2  0  0  0  0/1    10:51   0:00   1:51 
Nate Thompson            0  0  0  -1  0   0  0  0  1  0  4/5    10:51   0:00   1:51 
Nick Bjugstad            2  0  2   2  0   5  2  0  1  0  0/0    11:43   0:00   0:00 
Nick Jensen              0  1  1   3  0   0  1  0  0  0  0/0    20:00   0:25   1:19 
Pavel Zacha              0  1  1   1  0   1  1  1  0  0  6/14   16:02   0:54   0:58 
Radim Simek              0  0  0  -1  0   0  1  1  0  0  0/0    14:32   0:25   0:23 
Ryan Donato              0  2  2   1  0   1  0  0  0  0  0/1    16:04   0:54   1:06 
Sam Reinhart             0  0  0  -1  0   3  0  1  1  0  0/1    20:14   1:36   0:00 
Tyson Jost               0  0  0  -1  0   3  0  0  1  0  0/0    10:17   0:00   1:17 
Victor Hedman            0  0  0  -1  0   4  1  0  0  0  0/0    25:03   2:05   1:19 

3 Stars

1 - Nick Bjugstad (CAL)
2 - Carey Price (CAL)
3 - Drew Doughty (CAL)

Power Play

Kings - 0 on 2 Attempt(s) - 0,00%
Flames - 1 on 2 Attempt(s) - 50,00%

Penalty Kill

Kings - 1 on 2 Attempt(s) - 50,00% - Score 0 goal in Penalty Kill
Flames - 2 on 2 Attempt(s) - 100,00% - Score 0 goal in Penalty Kill

Team Stat

Kings - Hits : 24 - Faceoff Wins : 27 - Blocked Shots : 14 - Penalty Minutes : 4
Flames - Hits : 15 - Faceoff Wins : 39 - Blocked Shots : 7 - Penalty Minutes : 4

Official

Referees : Peter MacDougall and Jean Hebert
Linesman : Derek Amell and Michel Cormier

Game Notes

19:29 of 3rd period - Kings goal is going for a video replay. After video review, Goal.

Finance

Level 1 -- Attendance: 4853 (80,88%) -- Ticket Income 485 300 $
Level 2 -- Attendance: 4955 (99,10%) -- Ticket Income 297 300 $
Level 3 -- Attendance: 2000 (100,00%) -- Ticket Income 70 000 $
Level 4 -- Attendance: 4000 (100,00%) -- Ticket Income 80 000 $
Luxury Box -- Attendance: 690 (69,00%) -- Ticket Income 138 000 $
Game was played at the Ghost Rider Center.
Total Attendance: 16498 (91,66%)
Total Ticket Income: 1 070 600 $
Other Income: 524 594 $
Total Income: 1 595 194 $

Kings

5 vs 5 Forward 
   Center                   Left Wing                Right Wing               Time % Phy DF OF 
 1 Tomas Hertl              Alex Ovechkin            Alexander Radulov        38     1   2  2  
 2 Jamie Benn               Artem Anisimov           Artemi Panarin           33     1   2  2  
 3 Sean Kuraly              Artturi Lehkonen         Carter Rowney            20     1   2  2  
 4 Jayson Megna             Nikolay Goldobin         Tage Thompson            9      1   2  2  

5 vs 5 Defense 
   Defense                  Defense                                           Time % Phy DF OF 
 1 Shea Weber               Alex Goligoski                                    40     1   2  2  
 2 Jonas Brodin             Danny DeKeyser                                    35     1   2  2  
 3 Michael Del Zotto        Luke Schenn                                       25     1   2  2  
 4 Shea Weber               Alex Goligoski                                    0      1   2  2  

PowerPlay Forward 
   Center                   Left Wing                Right Wing               Time % Phy DF OF 
 1 Tomas Hertl              Alex Ovechkin            Alexander Radulov        60     0   1  4  
 2 Jamie Benn               Artem Anisimov           Artemi Panarin           40     0   1  4  

PowerPlay Defense
   Defense                  Defense                                           Time % Phy DF OF 
 1 Shea Weber               Alex Goligoski                                    60     1   3  1  
 2 Jonas Brodin             Michael Del Zotto                                 40     1   3  1  

Penalty Kill 4 Players Forward 
   Center                   Wing                     Time % Phy DF OF 
 1 Sean Kuraly              Carter Rowney            60     1   4  0  
 2 Jayson Megna             Artturi Lehkonen         40     1   4  0  

Penalty Kill 4 Players Defense
   Defense                  Defense                  Time % Phy DF OF 
 1 Jonas Brodin             Danny DeKeyser           60     1   4  0  
 2 Shea Weber               Alex Goligoski           40     1   4  0  

Penalty Kill - 3 Players Forward 
   Forward                                           Time % Phy DF OF 
 1 Tomas Hertl                                       60     1   4  0  
 2 Sean Kuraly                                       40     1   4  0  

Penalty Kill - 3 Players Defense
   Defense                  Defense                  Time % Phy DF OF 
 1 Shea Weber               Alex Goligoski           60     1   4  0  
 2 Jonas Brodin             Danny DeKeyser           40     1   4  0  

4 vs 4 Forward 
   Center                   Wing                     Time % Phy DF OF 
 1 Tomas Hertl              Alex Ovechkin            60     1   2  2  
 2 Jamie Benn               Artemi Panarin           40     1   2  2  

4 vs 4 Defense
   Defense                  Defense                  Time % Phy DF OF 
 1 Shea Weber               Alex Goligoski           60     1   2  2  
 2 Jonas Brodin             Danny DeKeyser           40     1   2  2  

Last Minutes Offensive
   Center                   Left Wing                Right Wing               Defense                  Defense                  
   Tomas Hertl              Alex Ovechkin            Artemi Panarin           Shea Weber               Alex Goligoski           

Last Minutes Defensive
   Center                   Left Wing                Right Wing               Defense                  Defense                  
   Tomas Hertl              Alex Ovechkin            Artemi Panarin           Shea Weber               Alex Goligoski           

Goaltenders
Starting : Semyon Varlamov          
Backup : Devan Dubnyk             

Extra Forwards
Normal : Artturi Lehkonen, Sean Kuraly, Carter Rowney - PP : Artturi Lehkonen, Sean Kuraly - PK : Carter Rowney
Extra Defensemen
Normal : Michael Del Zotto, Luke Schenn, Jonas Brodin - PP : Michael Del Zotto - PK : Luke Schenn, Jonas Brodin
Penalty Shots
Alex Ovechkin, Artemi Panarin, Tomas Hertl, Jamie Benn, Alexander Radulov
Custom OT Lines Forwards
Alex Ovechkin, Artemi Panarin, Tomas Hertl, Jamie Benn, Alexander Radulov, Artem Anisimov, Artturi Lehkonen, Sean Kuraly, Carter Rowney, Jayson Megna
Custom OT Lines Defensemen
Shea Weber, Alex Goligoski, Jonas Brodin, Danny DeKeyser, Michael Del Zotto

Scratches
None

Flames

5 vs 5 Forward 
   Center                   Left Wing                Right Wing               Time % Phy DF OF 
 1 David Krejci             Anders Lee               Sam Reinhart             38     0   1  4  
 2 Pavel Zacha              Ryan Donato              Alex Chiasson            30     0   2  3  
 3 David Kampf              Danton Heinen            Nick Bjugstad            22     1   2  2  
 4 Nate Thompson            Tyson Jost               Marcus Sorensen          10     1   3  1  

5 vs 5 Defense 
   Defense                  Defense                                           Time % Phy DF OF 
 1 Nick Jensen              Drew Doughty                                      35     0   3  2  
 2 Victor Hedman            Deryk Engelland                                   34     0   3  2  
 3 Kevan Miller             Radim Simek                                       23     1   3  1  
 4 Drew Doughty             Victor Hedman                                     8      0   2  3  

PowerPlay Forward 
   Center                   Left Wing                Right Wing               Time % Phy DF OF 
 1 David Krejci             Anders Lee               Sam Reinhart             60     0   0  5  
 2 Pavel Zacha              Ryan Donato              Alex Chiasson            40     0   1  4  

PowerPlay Defense
   Defense                  Defense                                           Time % Phy DF OF 
 1 Drew Doughty             Victor Hedman                                     60     0   1  4  
 2 Nick Jensen              Radim Simek                                       40     0   1  4  

Penalty Kill 4 Players Forward 
   Center                   Wing                     Time % Phy DF OF 
 1 Nate Thompson            Marcus Sorensen          60     1   4  0  
 2 David Kampf              Tyson Jost               40     0   4  1  

Penalty Kill 4 Players Defense
   Defense                  Defense                  Time % Phy DF OF 
 1 Kevan Miller             Deryk Engelland          60     1   4  0  
 2 Victor Hedman            Nick Jensen              40     1   4  0  

Penalty Kill - 3 Players Forward 
   Forward                                           Time % Phy DF OF 
 1 Nate Thompson                                     60     0   5  0  
 2 David Kampf                                       40     0   5  0  

Penalty Kill - 3 Players Defense
   Defense                  Defense                  Time % Phy DF OF 
 1 Deryk Engelland          Kevan Miller             60     0   5  0  
 2 Victor Hedman            Nick Jensen              40     0   5  0  

4 vs 4 Forward 
   Center                   Wing                     Time % Phy DF OF 
 1 David Krejci             Sam Reinhart             60     0   2  3  
 2 Nick Bjugstad            Anders Lee               40     0   2  3  

4 vs 4 Defense
   Defense                  Defense                  Time % Phy DF OF 
 1 Victor Hedman            Drew Doughty             60     0   2  3  
 2 Nick Jensen              Deryk Engelland          40     0   3  2  

Last Minutes Offensive
   Center                   Left Wing                Right Wing               Defense                  Defense                  
   David Krejci             Anders Lee               Sam Reinhart             Drew Doughty             Victor Hedman            

Last Minutes Defensive
   Center                   Left Wing                Right Wing               Defense                  Defense                  
   Nate Thompson            Pavel Zacha              David Kampf              Kevan Miller             Deryk Engelland          

Goaltenders
Starting : Carey Price              
Backup : Curtis McElhinney        

Extra Forwards
Normal : Sam Reinhart, David Krejci, Anders Lee - PP : Sam Reinhart, Nick Bjugstad - PK : Pavel Zacha
Extra Defensemen
Normal : Drew Doughty, Victor Hedman, Deryk Engelland - PP : Nick Jensen - PK : Radim Simek, Nick Jensen
Penalty Shots
Sam Reinhart, David Kampf, Ryan Donato, Nick Bjugstad, Pavel Zacha
Custom OT Lines Forwards
Sam Reinhart, Anders Lee, David Krejci, Pavel Zacha, Tyson Jost, Alex Chiasson, Nick Bjugstad, Ryan Donato, Danton Heinen, David Kampf
Custom OT Lines Defensemen
Drew Doughty, Victor Hedman, Kevan Miller, Nick Jensen, Deryk Engelland

Scratches
Jason Demers (Lacerated Right Calf Injury), Alex Biega (Healthy)

% Time on Ice - Kings

Lines # - Real PCT - Wanted PCT - Time Play
Normal Forward
1 - 34% - 38% - 18:22
2 - 29% - 33% - 15:28
3 - 21% - 20% - 11:27
4 - 15% - 9% - 8:14
Normal Defense
1 - 41% - 40% - 21:53
2 - 35% - 35% - 18:31
3 - 25% - 25% - 13:07
4 - 0% - 0% - 0:00
PP Forward
1 - 63% - 60% - 2:31
2 - 37% - 40% - 1:28
PP Defense
1 - 57% - 60% - 2:16
2 - 43% - 40% - 1:43
PK Forward
1 - 88% - 60% - 2:12
2 - 12% - 40% - 0:18
PK Defense
1 - 69% - 60% - 1:44
2 - 31% - 40% - 0:46
PK3 Forward
1 - 0% - 60%
2 - 0% - 40%
PK3 Defense
1 - 0% - 60%
2 - 0% - 40%
44 Forward
1 - 0% - 60%
2 - 0% - 40%
44 Defense
1 - 0% - 60%
2 - 0% - 40%
Last Minute Offensive  - 0:00
Last Minute Defensive  - 0:00
Total
Forward - 60:00
Defense - 60:00

% Time on Ice - Flames

Lines # - Real PCT - Wanted PCT - Time Play
Normal Forward
1 - 35% - 38% - 18:44
2 - 26% - 30% - 14:04
3 - 22% - 22% - 11:43
4 - 17% - 10% - 9:00
Normal Defense
1 - 34% - 35% - 18:25
2 - 34% - 34% - 18:05
3 - 26% - 23% - 13:44
4 - 6% - 8% - 3:17
PP Forward
1 - 64% - 60% - 1:36
2 - 36% - 40% - 0:54
PP Defense
1 - 83% - 60% - 2:05
2 - 17% - 40% - 0:25
PK Forward
1 - 71% - 60% - 2:49
2 - 29% - 40% - 1:10
PK Defense
1 - 57% - 60% - 2:17
2 - 43% - 40% - 1:42
PK3 Forward
1 - 0% - 60%
2 - 0% - 40%
PK3 Defense
1 - 0% - 60%
2 - 0% - 40%
44 Forward
1 - 0% - 60%
2 - 0% - 40%
44 Defense
1 - 0% - 60%
2 - 0% - 40%
Last Minute Offensive  - 0:00
Last Minute Defensive  - 0:00
Total
Forward - 60:00
Defense - 60:00

Play-by-Play

1st period


0:01 of 1st period - Tomas Hertl wins face-off versus David Krejci in neutral zone.
1:27 of 1st period - Icing by Jonas Brodin.
1:28 of 1st period - Sean Kuraly wins face-off versus David Krejci in Kings zone.
2:00 of 1st period - Marcus Sorensen is hit by Luke Schenn and loses puck.
2:13 of 1st period - Deryk Engelland is hit by Sean Kuraly and loses puck.
2:28 of 1st period - Carter Rowney is hit by Deryk Engelland and loses puck.
3:01 of 1st period - Snap shot by Artemi Panarin.
3:01 of 1st period - Shot Blocked by Radim Simek.
3:03 of 1st period - Slapshot by Shea Weber.
3:03 of 1st period - Stopped by Carey Price with a rebound.
3:05 of 1st period - Slapshot by Shea Weber.
3:05 of 1st period - Shot Misses the Net.
3:07 of 1st period - Slapshot by Shea Weber.
3:07 of 1st period - Deflect By Artemi Panarin.
3:07 of 1st period - Goal by Artemi Panarin - Kings : 1 - Flames : 0.
3:08 of 1st period - David Krejci wins face-off versus Artem Anisimov in neutral zone.
3:13 of 1st period - Wrist shot by Sam Reinhart.
3:13 of 1st period - Shot Misses the Net.
3:15 of 1st period - Wrist shot by Anders Lee.
3:15 of 1st period - Shot Misses the Net.
3:17 of 1st period - Slapshot by Kevan Miller.
3:17 of 1st period - Deflect By Jamie Benn.
3:17 of 1st period - Stopped by Semyon Varlamov with a rebound.
3:19 of 1st period - Slapshot by Kevan Miller.
3:19 of 1st period - Shot Blocked by Artem Anisimov.
3:21 of 1st period - Wrist shot by Sam Reinhart.
3:21 of 1st period - Shot Misses the Net.
3:23 of 1st period - Snap shot by Kevan Miller.
3:23 of 1st period - Shot Blocked by Luke Schenn.
3:56 of 1st period - Snap shot by Nikolay Goldobin.
3:56 of 1st period - Shot Misses the Net.
3:58 of 1st period - Snap shot by Michael Del Zotto.
3:58 of 1st period - Stopped by Carey Price with a rebound.
4:00 of 1st period - Slapshot by Tage Thompson.
4:00 of 1st period - Stopped by Carey Price with a rebound.
4:33 of 1st period - Slapshot by Anders Lee.
4:33 of 1st period - Stopped by Semyon Varlamov with a rebound.
4:35 of 1st period - Slapshot by Victor Hedman.
4:35 of 1st period - Shot Misses the Net.
5:49 of 1st period - Nate Thompson is hit by Carter Rowney and loses puck.
6:12 of 1st period - Artem Anisimov is hit by Anders Lee and loses puck.
6:31 of 1st period - Snap shot by Nick Bjugstad.
6:31 of 1st period - Stopped by Semyon Varlamov with a rebound.
6:33 of 1st period - Wrist shot by Nick Bjugstad.
6:33 of 1st period - Stopped by Semyon Varlamov with a rebound.
6:46 of 1st period - Double Minor Penalty to Drew Doughty for Roughing.
6:47 of 1st period - Nate Thompson wins face-off versus Tomas Hertl in Flames zone.
6:47 of 1st period - Nate Thompson is hit by Tomas Hertl.
6:57 of 1st period - Wrist shot by Tomas Hertl.
6:57 of 1st period - Shot Blocked by Kevan Miller.
6:59 of 1st period - Slapshot by Alex Ovechkin.
6:59 of 1st period - Stopped by Carey Price without a rebound.
7:00 of 1st period - Tomas Hertl wins face-off versus Marcus Sorensen in Flames zone.
7:08 of 1st period - Slapshot by Tomas Hertl.
7:08 of 1st period - Shot Misses the Net.
7:10 of 1st period - Backhand shot by Shea Weber.
7:10 of 1st period - Stopped by Carey Price with a rebound.
7:12 of 1st period - Slapshot by Shea Weber.
7:12 of 1st period - Stopped by Carey Price without a rebound.
7:13 of 1st period - Tomas Hertl wins face-off versus Nate Thompson in Flames zone.
8:40 of 1st period - Nick Jensen is hit by Jamie Benn and loses puck.
9:58 of 1st period - Tyson Jost is hit by Alex Ovechkin and loses puck.
10:46 of 1st period - Penalty to Drew Doughty is over, Drew Doughty is back on ice.
10:55 of 1st period - Tage Thompson is hit by Nick Jensen and loses puck.
12:06 of 1st period - Michael Del Zotto is hit by Radim Simek and loses puck.
12:22 of 1st period - Icing by Radim Simek.
12:23 of 1st period - David Krejci wins face-off versus Jayson Megna in Flames zone.
12:46 of 1st period - Victor Hedman is hit by Jamie Benn and loses puck.
13:09 of 1st period - Carter Rowney is hit by Marcus Sorensen and loses puck.
13:30 of 1st period - Wrist shot by Danton Heinen.
13:30 of 1st period - Stopped by Semyon Varlamov without a rebound.
13:31 of 1st period - David Kampf wins face-off versus Tomas Hertl in Kings zone.
14:03 of 1st period - Slapshot by Anders Lee.
14:03 of 1st period - Stopped by Semyon Varlamov with a rebound.
14:16 of 1st period - Off-side.
14:17 of 1st period - Pavel Zacha wins face-off versus Sean Kuraly in neutral zone.
14:42 of 1st period - Pavel Zacha is hit by Jamie Benn and loses puck.
16:15 of 1st period - Snap shot by Jamie Benn.
16:15 of 1st period - Shot Misses the Net.
16:17 of 1st period - Wrist shot by Alex Goligoski.
16:17 of 1st period - Stopped by Carey Price with a rebound.
16:35 of 1st period - Shea Weber is hit by David Kampf and loses puck.
16:42 of 1st period - David Kampf is hit by Alexander Radulov and loses puck.
17:01 of 1st period - Snap shot by Nikolay Goldobin.
17:01 of 1st period - Shot Blocked by Deryk Engelland.
17:38 of 1st period - Snap shot by Artem Anisimov.
17:38 of 1st period - Shot Blocked by Kevan Miller.
17:40 of 1st period - Snap shot by Artem Anisimov.
17:40 of 1st period - Deflect By David Krejci.
17:40 of 1st period - Stopped by Carey Price without a rebound.
17:41 of 1st period - Jamie Benn wins face-off versus David Krejci in Flames zone.
17:59 of 1st period - Artemi Panarin is hit by Anders Lee and loses puck.
18:14 of 1st period - Slapshot by Sam Reinhart.
18:14 of 1st period - Shot Blocked by Artem Anisimov.
18:16 of 1st period - Snap shot by Anders Lee.
18:16 of 1st period - Stopped by Semyon Varlamov without a rebound.
18:17 of 1st period - Pavel Zacha wins face-off versus Tomas Hertl in Kings zone.
18:46 of 1st period - Carter Rowney is hit by Nick Bjugstad and loses puck.
18:53 of 1st period - Snap shot by Nick Bjugstad.
18:53 of 1st period - Goal by Nick Bjugstad - Kings : 1 - Flames : 1.
18:54 of 1st period - David Krejci wins face-off versus Tomas Hertl in neutral zone.
18:59 of 1st period - Slapshot by Sam Reinhart.
18:59 of 1st period - Stopped by Semyon Varlamov with a rebound.
19:34 of 1st period - Slapshot by Shea Weber.
19:34 of 1st period - Stopped by Carey Price without a rebound.
19:35 of 1st period - Alex Chiasson wins face-off versus Alex Ovechkin in Flames zone.
Goals for this period are 1 for Kings vs 1 for Flames.
Shots for this period are 10 for Kings vs 9 for Flames.

2nd period


0:01 of 2nd period - David Krejci wins face-off versus Tomas Hertl in neutral zone.
0:08 of 2nd period - Snap shot by Sam Reinhart.
0:08 of 2nd period - Shot Misses the Net.
0:10 of 2nd period - Slapshot by Anders Lee.
0:10 of 2nd period - Shot Misses the Net.
0:12 of 2nd period - Slapshot by Victor Hedman.
0:12 of 2nd period - Stopped by Semyon Varlamov without a rebound.
0:13 of 2nd period - Pavel Zacha wins face-off versus Alex Ovechkin in Kings zone.
0:20 of 2nd period - Snap shot by Alex Chiasson.
0:20 of 2nd period - Shot Misses the Net.
0:48 of 2nd period - Icing by Deryk Engelland.
0:49 of 2nd period - Anders Lee wins face-off versus Tomas Hertl in Flames zone.
1:04 of 2nd period - Deryk Engelland is hit by Alexander Radulov and loses puck.
1:38 of 2nd period - Sean Kuraly is hit by Deryk Engelland and loses puck.
1:45 of 2nd period - Slapshot by Danton Heinen.
1:45 of 2nd period - Shot Misses the Net.
1:47 of 2nd period - Slapshot by Danton Heinen.
1:47 of 2nd period - Stopped by Semyon Varlamov with a rebound.
2:17 of 2nd period - Slapshot by Tomas Hertl.
2:17 of 2nd period - Shot Misses the Net.
3:23 of 2nd period - Kevan Miller is hit by Tomas Hertl and loses puck.
3:57 of 2nd period - Icing by Michael Del Zotto.
3:58 of 2nd period - David Krejci wins face-off versus Jamie Benn in Kings zone.
5:07 of 2nd period - Wrist shot by Anders Lee.
5:07 of 2nd period - Shot Blocked by Tage Thompson.
5:09 of 2nd period - Slapshot by Sam Reinhart.
5:09 of 2nd period - Shot Misses the Net.
5:11 of 2nd period - Slapshot by Drew Doughty.
5:11 of 2nd period - Shot Blocked by Jonas Brodin.
5:46 of 2nd period - Danny DeKeyser is hit by Kevan Miller and loses puck.
5:51 of 2nd period - Snap shot by Pavel Zacha.
5:51 of 2nd period - Shot Misses the Net.
5:53 of 2nd period - Snap shot by Alex Chiasson.
5:53 of 2nd period - Stopped by Semyon Varlamov without a rebound.
5:54 of 2nd period - Alex Ovechkin wins face-off versus David Krejci in Kings zone.
6:23 of 2nd period - Snap shot by Jamie Benn.
6:23 of 2nd period - Stopped by Carey Price without a rebound.
6:24 of 2nd period - Jamie Benn wins face-off versus Pavel Zacha in Flames zone.
6:27 of 2nd period - Slapshot by Artemi Panarin.
6:27 of 2nd period - Stopped by Carey Price without a rebound.
6:28 of 2nd period - David Krejci wins face-off versus Tomas Hertl in Flames zone.
6:38 of 2nd period - Minor Penalty to Alexander Radulov for Tripping.
6:39 of 2nd period - Sean Kuraly wins face-off versus David Krejci in Kings zone.
7:09 of 2nd period - Slapshot by Drew Doughty.
7:09 of 2nd period - Goal by Drew Doughty - Kings : 1 - Flames : 2.
7:10 of 2nd period - David Krejci wins face-off versus Tomas Hertl in neutral zone.
7:42 of 2nd period - Victor Hedman is hit by Alex Ovechkin and loses puck.
8:18 of 2nd period - Slapshot by Sean Kuraly.
8:18 of 2nd period - Stopped by Carey Price without a rebound.
8:19 of 2nd period - Nate Thompson wins face-off versus Sean Kuraly in Flames zone.
9:13 of 2nd period - Off-side.
9:14 of 2nd period - David Krejci wins face-off versus Jamie Benn in neutral zone.
9:17 of 2nd period - Snap shot by David Krejci.
9:17 of 2nd period - Shot Misses the Net.
9:46 of 2nd period - Snap shot by Alex Ovechkin.
9:46 of 2nd period - Stopped by Carey Price without a rebound.
9:47 of 2nd period - Alex Ovechkin wins face-off versus Pavel Zacha in Flames zone.
10:00 of 2nd period - Kevan Miller is hit by Alex Ovechkin and loses puck.
10:17 of 2nd period - Wrist shot by Alex Chiasson.
10:17 of 2nd period - Stopped by Semyon Varlamov with a rebound.
10:23 of 2nd period - Snap shot by Alexander Radulov.
10:23 of 2nd period - Shot Misses the Net.
10:25 of 2nd period - Wrist shot by Tomas Hertl.
10:25 of 2nd period - Stopped by Carey Price without a rebound.
10:26 of 2nd period - Jamie Benn wins face-off versus David Krejci in Flames zone.
10:31 of 2nd period - Wrist shot by Artemi Panarin.
10:31 of 2nd period - Shot Misses the Net.
10:33 of 2nd period - Slapshot by Artemi Panarin.
10:33 of 2nd period - Shot Misses the Net.
10:35 of 2nd period - Slapshot by Alex Goligoski.
10:35 of 2nd period - Shot Blocked by Drew Doughty.
10:37 of 2nd period - Backhand shot by Artem Anisimov.
10:37 of 2nd period - Shot Blocked by Sam Reinhart.
10:39 of 2nd period - Snap shot by Artemi Panarin.
10:39 of 2nd period - Stopped by Carey Price with a rebound.
10:41 of 2nd period - Wrist shot by Shea Weber.
10:41 of 2nd period - Stopped by Carey Price with a rebound.
10:53 of 2nd period - Snap shot by Carter Rowney.
10:53 of 2nd period - Shot Misses the Net.
11:38 of 2nd period - Wrist shot by Pavel Zacha.
11:38 of 2nd period - Shot Blocked by Luke Schenn.
11:40 of 2nd period - Slapshot by Victor Hedman.
11:40 of 2nd period - Deflect By Pavel Zacha.
11:40 of 2nd period - Stopped by Semyon Varlamov without a rebound.
11:41 of 2nd period - David Krejci wins face-off versus Tomas Hertl in Kings zone.
11:44 of 2nd period - Slapshot by David Krejci.
11:44 of 2nd period - Deflect By Sam Reinhart.
11:44 of 2nd period - Stopped by Semyon Varlamov without a rebound.
11:45 of 2nd period - Tomas Hertl wins face-off versus David Krejci in Kings zone.
12:09 of 2nd period - Icing by Shea Weber.
12:10 of 2nd period - Tomas Hertl wins face-off versus Pavel Zacha in Kings zone.
12:23 of 2nd period - Alex Goligoski is hit by Alex Chiasson and loses puck.
13:32 of 2nd period - Snap shot by Jamie Benn.
13:32 of 2nd period - Shot Misses the Net.
13:34 of 2nd period - Slapshot by Shea Weber.
13:34 of 2nd period - Deflect By Artem Anisimov.
13:34 of 2nd period - Stopped by Carey Price without a rebound.
13:35 of 2nd period - David Krejci wins face-off versus Tomas Hertl in Flames zone.
14:29 of 2nd period - Wrist shot by Tyson Jost.
14:29 of 2nd period - Stopped by Semyon Varlamov with a rebound.
14:35 of 2nd period - Wrist shot by Tyson Jost.
14:35 of 2nd period - Stopped by Semyon Varlamov with a rebound.
14:47 of 2nd period - Slapshot by Tomas Hertl.
14:47 of 2nd period - Deflect By Alex Ovechkin.
14:47 of 2nd period - Stopped by Carey Price without a rebound.
14:48 of 2nd period - Tomas Hertl wins face-off versus David Krejci in Flames zone.
15:09 of 2nd period - Kevan Miller is hit by Tomas Hertl and loses puck.
15:33 of 2nd period - Off-side.
15:34 of 2nd period - Artem Anisimov wins face-off versus David Kampf in neutral zone.
15:59 of 2nd period - Artemi Panarin is hit by Marcus Sorensen and loses puck.
16:04 of 2nd period - Backhand shot by Drew Doughty.
16:04 of 2nd period - Stopped by Semyon Varlamov with a rebound.
16:24 of 2nd period - Wrist shot by Alex Goligoski.
16:24 of 2nd period - Shot Blocked by Pavel Zacha.
16:26 of 2nd period - Slapshot by Alex Goligoski.
16:26 of 2nd period - Stopped by Carey Price without a rebound.
16:27 of 2nd period - David Krejci wins face-off versus Sean Kuraly in Flames zone.
16:27 of 2nd period - David Krejci is hit by Sean Kuraly.
16:50 of 2nd period - Icing by Michael Del Zotto.
16:51 of 2nd period - David Kampf wins face-off versus Sean Kuraly in Kings zone.
17:35 of 2nd period - Wrist shot by Artturi Lehkonen.
17:35 of 2nd period - Shot Misses the Net.
17:50 of 2nd period - Snap shot by Sean Kuraly.
17:50 of 2nd period - Stopped by Carey Price with a rebound.
17:55 of 2nd period - Off-side.
17:56 of 2nd period - Tomas Hertl wins face-off versus Pavel Zacha in neutral zone.
18:33 of 2nd period - Snap shot by Nikolay Goldobin.
18:33 of 2nd period - Stopped by Carey Price with a rebound.
18:35 of 2nd period - Snap shot by Jayson Megna.
18:35 of 2nd period - Stopped by Carey Price without a rebound.
18:36 of 2nd period - Tomas Hertl wins face-off versus David Krejci in Flames zone.
19:05 of 2nd period - Icing by Nick Jensen.
19:06 of 2nd period - Jamie Benn wins face-off versus David Kampf in Flames zone.
19:33 of 2nd period - Snap shot by Sam Reinhart.
19:33 of 2nd period - Shot Misses the Net.
19:35 of 2nd period - Slapshot by Deryk Engelland.
19:35 of 2nd period - Shot Blocked by Jonas Brodin.
19:37 of 2nd period - Wrist shot by Deryk Engelland.
19:37 of 2nd period - Shot Blocked by Danny DeKeyser.
19:39 of 2nd period - Slapshot by Victor Hedman.
19:39 of 2nd period - Stopped by Semyon Varlamov without a rebound.
19:40 of 2nd period - Jamie Benn wins face-off versus Sam Reinhart in Kings zone.
19:45 of 2nd period - Snap shot by Anders Lee.
19:45 of 2nd period - Deflect By Sam Reinhart.
19:45 of 2nd period - Shot Misses the Net.
19:45 of 2nd period - Puck is out of play.
19:46 of 2nd period - David Krejci wins face-off versus Jamie Benn in Kings zone.
19:51 of 2nd period - Wrist shot by Sam Reinhart.
19:51 of 2nd period - Deflect By Anders Lee.
19:51 of 2nd period - Shot Misses the Net.
19:51 of 2nd period - Puck is out of play.
19:52 of 2nd period - Tomas Hertl wins face-off versus David Krejci in Kings zone.
19:54 of 2nd period - Minor Penalty to Alexander Radulov for Hooking.
19:55 of 2nd period - David Krejci wins face-off versus Sean Kuraly in Kings zone.
Goals for this period are 0 for Kings vs 1 for Flames.
Shots for this period are 13 for Kings vs 11 for Flames.

3rd period


0:01 of 3rd period - Sean Kuraly wins face-off versus David Krejci in neutral zone.
0:04 of 3rd period - Snap shot by Sean Kuraly.
0:04 of 3rd period - Stopped by Carey Price without a rebound.
0:05 of 3rd period - David Krejci wins face-off versus Sean Kuraly in Flames zone.
0:43 of 3rd period - Slapshot by Victor Hedman.
0:43 of 3rd period - Shot Blocked by Jayson Megna.
0:58 of 3rd period - Off-side.
0:59 of 3rd period - Tomas Hertl wins face-off versus Pavel Zacha in neutral zone.
1:54 of 3rd period - Penalty to Alexander Radulov is over, Alexander Radulov is back on ice.
2:05 of 3rd period - David Kampf is hit by Jamie Benn and loses puck.
2:24 of 3rd period - Kevan Miller is hit by Tomas Hertl and loses puck.
2:45 of 3rd period - Kevan Miller is hit by Tage Thompson and loses puck.
3:02 of 3rd period - Slapshot by Tyson Jost.
3:02 of 3rd period - Shot Blocked by Luke Schenn.
3:08 of 3rd period - Deryk Engelland is hit by Tage Thompson and loses puck.
3:17 of 3rd period - Snap shot by Jayson Megna.
3:17 of 3rd period - Stopped by Carey Price without a rebound.
3:18 of 3rd period - David Krejci wins face-off versus Tomas Hertl in Flames zone.
3:35 of 3rd period - Slapshot by Alex Ovechkin.
3:35 of 3rd period - Stopped by Carey Price without a rebound.
3:36 of 3rd period - Pavel Zacha wins face-off versus Jamie Benn in Flames zone.
3:40 of 3rd period - Off-side.
3:41 of 3rd period - Jamie Benn wins face-off versus Pavel Zacha in neutral zone.
3:44 of 3rd period - Slapshot by Shea Weber.
3:44 of 3rd period - Stopped by Carey Price with a rebound.
3:46 of 3rd period - Slapshot by Alex Goligoski.
3:46 of 3rd period - Stopped by Carey Price without a rebound.
3:47 of 3rd period - Alexander Radulov wins face-off versus David Krejci in Flames zone.
4:14 of 3rd period - Alex Ovechkin is hit by Nick Bjugstad.
4:50 of 3rd period - Wrist shot by Alexander Radulov.
4:50 of 3rd period - Stopped by Carey Price without a rebound.
4:51 of 3rd period - David Krejci wins face-off versus Artemi Panarin in Flames zone.
5:00 of 3rd period - Wrist shot by Sam Reinhart.
5:00 of 3rd period - Shot Blocked by Shea Weber.
5:24 of 3rd period - Slapshot by Victor Hedman.
5:24 of 3rd period - Shot Misses the Net.
5:26 of 3rd period - Snap shot by Victor Hedman.
5:26 of 3rd period - Stopped by Semyon Varlamov with a rebound.
5:28 of 3rd period - Snap shot by Alex Chiasson.
5:28 of 3rd period - Stopped by Semyon Varlamov without a rebound.
5:29 of 3rd period - David Kampf wins face-off versus Artemi Panarin in Kings zone.
6:17 of 3rd period - Snap shot by Alex Chiasson.
6:17 of 3rd period - Deflect By Michael Del Zotto.
6:17 of 3rd period - Stopped by Semyon Varlamov with a rebound.
6:19 of 3rd period - Slapshot by Alex Chiasson.
6:19 of 3rd period - Shot Misses the Net.
6:21 of 3rd period - Wrist shot by Ryan Donato.
6:21 of 3rd period - Stopped by Semyon Varlamov with a rebound.
6:23 of 3rd period - Snap shot by Ryan Donato.
6:23 of 3rd period - Shot Misses the Net.
6:25 of 3rd period - Slapshot by Kevan Miller.
6:25 of 3rd period - Stopped by Semyon Varlamov without a rebound.
6:26 of 3rd period - David Kampf wins face-off versus Tomas Hertl in Kings zone.
6:29 of 3rd period - Slapshot by Nick Bjugstad.
6:29 of 3rd period - Shot Misses the Net.
6:31 of 3rd period - Snap shot by David Kampf.
6:31 of 3rd period - Shot Blocked by Tomas Hertl.
6:33 of 3rd period - Slapshot by Victor Hedman.
6:33 of 3rd period - Deflect By Nick Bjugstad.
6:33 of 3rd period - Stopped by Semyon Varlamov with a rebound.
6:37 of 3rd period - Snap shot by Danton Heinen.
6:37 of 3rd period - Stopped by Semyon Varlamov without a rebound.
6:38 of 3rd period - David Krejci wins face-off versus Tomas Hertl in Kings zone.
6:52 of 3rd period - Icing by Alexander Radulov.
6:53 of 3rd period - Tomas Hertl wins face-off versus Ryan Donato in Kings zone.
7:04 of 3rd period - Slapshot by Victor Hedman.
7:04 of 3rd period - Shot Misses the Net.
8:46 of 3rd period - Slapshot by Artemi Panarin.
8:46 of 3rd period - Stopped by Carey Price without a rebound.
8:47 of 3rd period - Pavel Zacha wins face-off versus Tomas Hertl in Flames zone.
9:30 of 3rd period - Off-side.
9:31 of 3rd period - David Kampf wins face-off versus Sean Kuraly in neutral zone.
9:37 of 3rd period - Snap shot by Sean Kuraly.
9:37 of 3rd period - Stopped by Carey Price with a rebound.
9:39 of 3rd period - Slapshot by Artturi Lehkonen.
9:39 of 3rd period - Stopped by Carey Price without a rebound.
9:40 of 3rd period - Jamie Benn wins face-off versus Pavel Zacha in Flames zone.
10:07 of 3rd period - Slapshot by Sam Reinhart.
10:07 of 3rd period - Shot Misses the Net.
10:09 of 3rd period - Wrist shot by Anders Lee.
10:09 of 3rd period - Shot Misses the Net.
10:19 of 3rd period - Snap shot by Sam Reinhart.
10:19 of 3rd period - Stopped by Semyon Varlamov with a rebound.
10:31 of 3rd period - Drew Doughty is hit by Luke Schenn and loses puck.
11:15 of 3rd period - Slapshot by Victor Hedman.
11:15 of 3rd period - Shot Blocked by Jonas Brodin.
12:04 of 3rd period - Marcus Sorensen is hit by Nikolay Goldobin and loses puck.
12:23 of 3rd period - Wrist shot by Nikolay Goldobin.
12:23 of 3rd period - Stopped by Carey Price with a rebound.
12:34 of 3rd period - Radim Simek is hit by Tomas Hertl and loses puck.
12:46 of 3rd period - Off-side.
12:47 of 3rd period - David Krejci wins face-off versus Jamie Benn in neutral zone.
12:50 of 3rd period - Slapshot by Nick Jensen.
12:50 of 3rd period - Shot Misses the Net.
13:00 of 3rd period - Snap shot by Artemi Panarin.
13:00 of 3rd period - Shot Misses the Net.
13:02 of 3rd period - Wrist shot by Jamie Benn.
13:02 of 3rd period - Shot Misses the Net.
13:18 of 3rd period - Icing by Jamie Benn.
13:19 of 3rd period - Nate Thompson wins face-off versus Jamie Benn in Kings zone.
13:20 of 3rd period - Snap shot by Tyson Jost.
13:20 of 3rd period - Stopped by Semyon Varlamov without a rebound.
13:21 of 3rd period - Nate Thompson wins face-off versus Tomas Hertl in Kings zone.
13:46 of 3rd period - Alex Goligoski is hit by Pavel Zacha and loses puck.
14:07 of 3rd period - Wrist shot by Sam Reinhart.
14:07 of 3rd period - Shot Misses the Net.
14:33 of 3rd period - Slapshot by Victor Hedman.
14:33 of 3rd period - Shot Misses the Net.
14:55 of 3rd period - Slapshot by Victor Hedman.
14:55 of 3rd period - Deflect By Tyson Jost.
14:55 of 3rd period - Shot Blocked by Alex Ovechkin.
14:55 of 3rd period - Puck is out of play.
14:56 of 3rd period - Pavel Zacha wins face-off versus Tomas Hertl in Kings zone.
14:56 of 3rd period - Pavel Zacha is hit by Alexander Radulov.
15:10 of 3rd period - Snap shot by Alex Chiasson.
15:10 of 3rd period - Stopped by Semyon Varlamov with a rebound.
15:12 of 3rd period - Snap shot by Alex Chiasson.
15:12 of 3rd period - Goal by Alex Chiasson - Kings : 1 - Flames : 3.
15:13 of 3rd period - David Kampf wins face-off versus Artturi Lehkonen in neutral zone.
15:16 of 3rd period - Slapshot by Drew Doughty.
15:16 of 3rd period - Deflect By Nick Bjugstad.
15:16 of 3rd period - Goal by Nick Bjugstad - Kings : 1 - Flames : 4.
15:17 of 3rd period - David Krejci wins face-off versus Tomas Hertl in neutral zone.
15:26 of 3rd period - Snap shot by Anders Lee.
15:26 of 3rd period - Stopped by Semyon Varlamov without a rebound.
15:27 of 3rd period - David Krejci wins face-off versus Tomas Hertl in Kings zone.
16:04 of 3rd period - Off-side.
16:05 of 3rd period - Jamie Benn wins face-off versus Pavel Zacha in neutral zone.
16:16 of 3rd period - Snap shot by Artemi Panarin.
16:16 of 3rd period - Shot Misses the Net.
16:18 of 3rd period - Slapshot by Alex Goligoski.
16:18 of 3rd period - Stopped by Carey Price without a rebound.
16:19 of 3rd period - Jamie Benn wins face-off versus David Kampf in Flames zone.
16:45 of 3rd period - Victor Hedman is hit by Alexander Radulov and loses puck.
16:52 of 3rd period - Backhand shot by Tomas Hertl.
16:52 of 3rd period - Stopped by Carey Price with a rebound.
17:45 of 3rd period - Slapshot by Anders Lee.
17:45 of 3rd period - Shot Misses the Net.
19:27 of 3rd period - Snap shot by Tomas Hertl.
19:27 of 3rd period - Shot Misses the Net.
19:29 of 3rd period - Slapshot by Alex Goligoski.
19:29 of 3rd period - Deflect By Alexander Radulov.
19:29 of 3rd period - Kings goal is going for a video replay.
19:29 of 3rd period - The goal is good.
19:29 of 3rd period - Goal by Alexander Radulov - Kings : 2 - Flames : 4.
19:30 of 3rd period - David Kampf wins face-off versus Sean Kuraly in neutral zone.
19:45 of 3rd period - Slapshot by Victor Hedman.
19:45 of 3rd period - Stopped by Semyon Varlamov with a rebound.
19:55 of 3rd period - Jonas Brodin is hit by Victor Hedman and loses puck.
Goals for this period are 1 for Kings vs 2 for Flames.
Shots for this period are 13 for Kings vs 14 for Flames.